[Event "LAT-chW 2020"]
[Site "Riga"]
[Date "2020.08.24"]
[Round "1.1"]
[White "Dombrovska, Stefanija"]
[Black "Rogule, Laura"]
[Result "0-1"]
[ECO "D02"]
[WhiteElo "1572"]
[BlackElo "2297"]
[Annotator "ChessBase"]
[PlyCount "66"]
[EventDate "2020.08.24"]
[EventType "swiss"]
[EventCountry "LAT"]
[SourceTitle "playchess.com"]
[Source "ChessBase"]
[SourceQuality "1"]
[TimeControl "5400+30"]

1. Nf3 d5 2. d4 Nf6 3. g3 c6 4. Bg2 Bf5 5. O-O Nbd7 6. c3 h6 7. h4 e6 8. Qb3 Qb6 9. Qxb6 axb6 10. Nbd2 b5 11. b4 Nb6 12. Bb2 Na4 13. Rab1 Bd6 14. Ne5 Bxb1 15. Rxb1 Bxe5 16. dxe5 Nd7 17. f4 Ndb6 18. Ba1 Ke7 19. Rc1 Nc4 20. Nb3 Nab6 21. e4 Rxa2 22. exd5 exd5 23. Bf1 Rha8 24. Bd3 R8a3 25. Rb1 Na4 26. Bxc4 bxc4 27. Na5 Rxa1 28. Rxa1 Rxa1+ 29. Kf2 Nxc3 30. Nxb7 Na2 31. Nd6 c3 32. Nf5+ Kf8 33. Nd4 Nxb4 0-1

[Event "LAT-chW 2020"]
[Site "Riga"]
[Date "2020.08.24"]
[Round "1.2"]
[White "Krumina, Linda"]
[Black "Kuznecova, Marija"]
[Result "1-0"]
[ECO "D05"]
[WhiteElo "2065"]
[BlackElo "1523"]
[Annotator "ChessBase"]
[PlyCount "65"]
[EventDate "2020.08.24"]
[EventType "swiss"]
[EventCountry "LAT"]
[SourceTitle "playchess.com"]
[Source "ChessBase"]
[SourceQuality "1"]
[TimeControl "5400+30"]

1. Nf3 d5 2. d4 e6 3. e3 Nf6 4. Bd3 Bd6 5. b3 O-O 6. Bb2 Re8 7. Nbd2 Nbd7 8. Ne5 c5 9. O-O cxd4 10. exd4 Qc7 11. Qe2 b6 12. g4 Nf8 13. g5 N6d7 14. Rae1 Nxe5 15. dxe5 Bc5 16. Qg4 a5 17. Nf3 Ba6 18. h4 Bb4 19. Re2 Qc5 20. Bd4 Qc6 21. h5 Bxd3 22. cxd3 Qb5 23. Rd1 a4 24. Nh4 axb3 25. axb3 Ra3 26. g6 fxg6 27. hxg6 h6 28. Qf4 Re7 29. Rc2 Rxb3 30. Rc8 Rd7 31. Rdc1 Qa6 32. R1c7 Qb5 33. Bc5 1-0

[Event "LAT-chW 2020"]
[Site "Riga"]
[Date "2020.08.24"]
[Round "1.3"]
[White "Parhomenko, Anastasija"]
[Black "Gorozhankina, Julia"]
[Result "0-1"]
[ECO "D04"]
[WhiteElo "1417"]
[BlackElo "2035"]
[Annotator "ChessBase"]
[PlyCount "102"]
[EventDate "2020.08.24"]
[EventType "swiss"]
[EventCountry "LAT"]
[SourceTitle "playchess.com"]
[Source "ChessBase"]
[SourceQuality "1"]
[TimeControl "5400+30"]

1. Nf3 Nf6 2. b3 g6 3. Bb2 d5 4. d4 Bg7 5. e3 O-O 6. Bd3 c5 7. Nbd2 b6 8. O-O Nc6 9. a3 Bb7 10. Ne5 Rc8 11. f4 e6 12. Rc1 Nd7 13. g4 f5 14. gxf5 exf5 15. Ndf3 Nf6 16. c4 Nxe5 17. dxe5 Ne4 18. Bxe4 dxe4 19. Ne1 Qe7 20. Rf2 Rcd8 21. Qc2 Rd7 22. Rd1 Rfd8 23. Rfd2 Bc6 24. Bc1 g5 25. Rxd7 Rxd7 26. Rxd7 Qxd7 27. Qd2 Qxd2 28. Bxd2 h6 29. Kf2 Kf7 30. Nc2 Ke6 31. b4 Ba4 32. Na1 Bf8 33. b5 Be7 34. Ke2 Kd7 35. Be1 g4 36. Kd2 h5 37. Bf2 h4 38. Nc2 Kc7 39. Ne1 Kb7 40. Ng2 g3 41. Bg1 Bb3 42. Kc3 Bd1 43. Ne1 gxh2 44. Bxh2 Be2 45. Nc2 h3 46. Bg3 Bh4 47. Bh2 Kc7 48. a4 Bf2 49. Na1 Bxe3 50. Nb3 Bd1 51. Nd2 Bd4# 0-1

[Event "LAT-chW 2020"]
[Site "Riga"]
[Date "2020.08.24"]
[Round "1.4"]
[White "Golsta, Madara"]
[Black "Kipluka, Anna Krista"]
[Result "1-0"]
[ECO "B11"]
[WhiteElo "1889"]
[BlackElo "1383"]
[Annotator "NA"]
[PlyCount "77"]
[EventDate "2020.08.24"]
[EventType "swiss"]
[EventCountry "LAT"]
[SourceTitle "playchess.com"]
[Source "ChessBase"]
[SourceQuality "1"]
[TimeControl "5400+30"]

1. e4 c6 2. Nf3 d5 3. Nc3 Bg4 4. h3 Bxf3 5. Qxf3 dxe4 6. Nxe4 e6 7. Bc4 Nd7 8. d4 Ngf6 9. Bd2 Nxe4 10. Qxe4 Nf6 11. Qd3 Bd6 12. O-O-O b5 13. Bb3 a5 14. a4 Qb6 15. Rhe1 O-O 16. g4 Rfb8 17. axb5 a4 18. Ba2 cxb5 19. g5 Nh5 20. Kb1 b4 21. Bc4 b3 22. c3 a3 23. Bc1 axb2 24. Bxb2 Qa5 25. h4 Bf4 26. Re3 Bxe3 27. fxe3 g6 28. e4 Qa2+ 29. Kc1 Qa4 30. Rf1 Qd7 31. Qh3 Qc6 32. Bd3 Rc8 33. Qf3 Qc7 34. d5 exd5 35. exd5 Rf8 36. c4 Qh2 37. Qe4 Ra2 38. Qd4 Qd6 39. Qh8# 1-0

[Event "LAT-chW 2020"]
[Site "Riga"]
[Date "2020.08.25"]
[Round "2.1"]
[White "Rogule, Laura"]
[Black "Osobskaja, Zinaida"]
[Result "1-0"]
[ECO "E01"]
[WhiteElo "2297"]
[BlackElo "1682"]
[Annotator "ChessBase"]
[PlyCount "87"]
[EventDate "2020.08.24"]
[EventType "swiss"]
[EventCountry "LAT"]
[SourceTitle "playchess.com"]
[Source "ChessBase"]
[SourceQuality "1"]
[TimeControl "5400+30"]

1. c4 e6 2. Nf3 d5 3. d4 Nf6 4. g3 c6 5. Bg2 Bd6 6. O-O Nbd7 7. Nbd2 h6 8. Qc2 O-O 9. e4 dxe4 10. Nxe4 Nxe4 11. Qxe4 Nf6 12. Qe2 Bc7 13. b3 Re8 14. Bb2 Qe7 15. Rad1 Bd7 16. Ne5 Rad8 17. f4 Bc8 18. g4 Nh7 19. Nd3 Qh4 20. h3 f5 21. Qf2 Qxf2+ 22. Rxf2 g5 23. Re1 Kf7 24. Bf3 Kg6 25. Rfe2 Nf6 26. Ne5+ Kg7 27. Kf2 Bxe5 28. fxe5 Ng8 29. gxf5 exf5 30. d5 cxd5 31. cxd5 Kg6 32. e6 Nf6 33. Bxf6 Kxf6 34. e7 Rd6 35. Bh5 Bd7 36. Bxe8 Bxe8 37. Re6+ Rxe6 38. Rxe6+ Kf7 39. Rxh6 Kxe7 40. Rh7+ Kd6 41. Rxb7 a5 42. Rg7 Kxd5 43. Rxg5 Ke4 44. Rg7 1-0

[Event "LAT-chW 2020"]
[Site "Riga"]
[Date "2020.08.25"]
[Round "2.2"]
[White "Ter-Avetisjana, Agnesa Stepania"]
[Black "Krumina, Linda"]
[Result "0-1"]
[ECO "B01"]
[WhiteElo "1683"]
[BlackElo "2065"]
[Annotator "ChessBase"]
[PlyCount "78"]
[EventDate "2020.08.24"]
[EventType "swiss"]
[EventCountry "LAT"]
[SourceTitle "playchess.com"]
[Source "ChessBase"]
[SourceQuality "1"]
[TimeControl "5400+30"]

1. e4 d5 2. exd5 Nf6 3. d4 Qxd5 4. c4 Qd8 5. Nc3 c6 6. h3 Bf5 7. Nf3 e6 8. Bf4 Bd6 9. Bxd6 Qxd6 10. Bd3 Bxd3 11. Qxd3 Nbd7 12. O-O-O O-O 13. g4 Rfd8 14. Kb1 b5 15. b3 bxc4 16. Qxc4 Nb6 17. Qe2 Qb4 18. Rc1 a5 19. Ne5 Nfd5 20. Qf3 Rf8 21. Nxc6 Nxc3+ 22. Qxc3 Qb5 23. Qc5 Qd3+ 24. Qc2 Qa6 25. Rhd1 Nd5 26. Qc4 Qb6 27. Qc5 Qb7 28. Qa3 a4 29. b4 Rfc8 30. Ne5 Nxb4 31. Qb2 Qe4+ 32. Ka1 Nc2+ 33. Rxc2 Rxc2 34. Qb1 Rac8 35. Nd7 Qe2 36. Nc5 a3 37. Rg1 Rb2 38. Re1 Rxb1+ 39. Rxb1 Qc4 0-1

[Event "LAT-chW 2020"]
[Site "Riga"]
[Date "2020.08.25"]
[Round "2.3"]
[White "Gorozhankina, Julia"]
[Black "Vainovska, Valentina"]
[Result "1-0"]
[ECO "D45"]
[WhiteElo "2035"]
[BlackElo "1633"]
[Annotator "ChessBase"]
[PlyCount "93"]
[EventDate "2020.08.24"]
[EventType "swiss"]
[EventCountry "LAT"]
[SourceTitle "playchess.com"]
[Source "ChessBase"]
[SourceQuality "1"]
[TimeControl "5400+30"]

1. d4 Nf6 2. Nf3 e6 3. e3 d5 4. c4 c6 5. Nc3 Nbd7 6. Qc2 Bd6 7. b3 O-O 8. Be2 Re8 9. O-O Qe7 10. Bb2 e5 11. cxd5 Nxd5 12. Nxd5 cxd5 13. dxe5 Nxe5 14. Rad1 Bd7 15. Rxd5 Nxf3+ 16. Bxf3 Bc6 17. Rh5 g6 18. Qc3 f6 19. Bxc6 bxc6 20. Qc4+ Kg7 21. Rh4 c5 22. Rc1 Rac8 23. Qe2 Rb8 24. Ra4 Rb7 25. Qf3 Rc7 26. g3 h5 27. h4 Be5 28. Bxe5 Qxe5 29. Qf4 Qxf4 30. Rxf4 Rd8 31. Rfc4 Rd2 32. a4 Rb2 33. Rxc5 Rxc5 34. Rxc5 Rxb3 35. Rc7+ Kh6 36. Rxa7 g5 37. hxg5+ Kxg5 38. Kg2 Rb4 39. a5 Ra4 40. Ra8 h4 41. gxh4+ Rxh4 42. f4+ Kf5 43. a6 Rh7 44. a7 Re7 45. Kf3 Ke6 46. e4 Kf7 47. Rh8 1-0

[Event "LAT-chW 2020"]
[Site "Riga"]
[Date "2020.08.25"]
[Round "2.4"]
[White "Petrovska, Arina"]
[Black "Golsta, Madara"]
[Result "0-1"]
[ECO "A45"]
[WhiteElo "1637"]
[BlackElo "1889"]
[Annotator "NA"]
[PlyCount "76"]
[EventDate "2020.08.24"]
[EventType "swiss"]
[EventCountry "LAT"]
[SourceTitle "playchess.com"]
[Source "ChessBase"]
[SourceQuality "1"]
[TimeControl "5400+30"]

1. d4 Nf6 2. Bf4 c5 3. c3 Qb6 4. Qc1 cxd4 5. cxd4 Nc6 6. e3 g6 7. a3 Bg7 8. Bd3 O-O 9. Ne2 Nh5 10. O-O Nxf4 11. Nxf4 d6 12. Nc3 Bd7 13. b4 Rac8 14. Nfd5 Qd8 15. Qd2 e6 16. Nf4 e5 17. dxe5 dxe5 18. Nfd5 Be6 19. Bb5 e4 20. Rad1 f5 21. Qe2 Qg5 22. Nf4 Bf7 23. Ncd5 Kh8 24. Rd2 Ne5 25. Kh1 Qh4 26. Rfd1 Ng4 27. Nh3 Be5 28. Ndf4 g5 29. f3 gxf4 30. fxg4 f3 31. Qf2 Qxg4 32. Bf1 fxg2+ 33. Qxg2 Qxg2+ 34. Kxg2 Rg8+ 35. Kh1 Rc3 36. Rd7 Bh5 37. R1d2 Rc1 38. Rf2 Bf3+ 0-1

[Event "LAT-chW 2020"]
[Site "Riga"]
[Date "2020.08.25"]
[Round "3.1"]
[White "Golsta, Madara"]
[Black "Rogule, Laura"]
[Result "1/2-1/2"]
[ECO "B68"]
[WhiteElo "1889"]
[BlackElo "2297"]
[Annotator "ChessBase"]
[PlyCount "46"]
[EventDate "2020.08.24"]
[EventType "swiss"]
[EventCountry "LAT"]
[SourceTitle "playchess.com"]
[Source "ChessBase"]
[SourceQuality "1"]
[TimeControl "5400+30"]

1. e4 c5 2. Nf3 Nc6 3. d4 cxd4 4. Nxd4 Nf6 5. Nc3 d6 6. Bg5 e6 7. Qd2 a6 8. O-O-O Bd7 9. f4 Be7 10. Be2 O-O 11. Bf3 Nxd4 12. Qxd4 Bc6 13. g4 Rc8 14. Qe3 Qa5 15. h4 Rc7 16. Kb1 Rfc8 17. Rd2 h6 18. Rg2 Kf8 19. Bxf6 Bxf6 20. Nd1 g5 21. hxg5 hxg5 22. Rh5 Ba4 23. b3 Be8 1/2-1/2

[Event "LAT-chW 2020"]
[Site "Riga"]
[Date "2020.08.25"]
[Round "3.2"]
[White "Krumina, Linda"]
[Black "Gorozhankina, Julia"]
[Result "1-0"]
[ECO "D85"]
[WhiteElo "2065"]
[BlackElo "2035"]
[Annotator "ChessBase"]
[PlyCount "65"]
[EventDate "2020.08.24"]
[EventType "swiss"]
[EventCountry "LAT"]
[SourceTitle "playchess.com"]
[Source "ChessBase"]
[SourceQuality "1"]
[TimeControl "5400+30"]

1. d4 Nf6 2. c4 g6 3. Nc3 d5 4. cxd5 Nxd5 5. Bd2 Bg7 6. e4 Nxc3 7. Bxc3 c5 8. d5 Bxc3+ 9. bxc3 Qa5 10. Qd2 Nd7 11. Rc1 b5 12. Nf3 f6 13. h4 Rb8 14. e5 Qc7 15. d6 exd6 16. exd6 Qd8 17. h5 g5 18. Bd3 c4 19. Bf5 Nb6 20. Bxc8 Rxc8 21. O-O O-O 22. Rcd1 Rc6 23. Rfe1 Re8 24. Rxe8+ Qxe8 25. Nxg5 fxg5 26. Qxg5+ Kf8 27. Rd4 Qe1+ 28. Kh2 Ke8 29. Qg8+ Kd7 30. Qxh7+ Kd8 31. Rg4 Qe5+ 32. f4 Qxd6 33. Rg8+ 1-0

[Event "LAT-chW 2020"]
[Site "Riga"]
[Date "2020.08.25"]
[Round "3.3"]
[White "Golsta, Ramona"]
[Black "Maklakova, Nellija"]
[Result "1-0"]
[ECO "D02"]
[WhiteElo "1708"]
[BlackElo "1833"]
[Annotator "NA"]
[PlyCount "89"]
[EventDate "2020.08.24"]
[EventType "swiss"]
[EventCountry "LAT"]
[SourceTitle "playchess.com"]
[Source "ChessBase"]
[SourceQuality "1"]
[TimeControl "5400+30"]

1. d4 e6 2. Nf3 d5 3. Bf4 Bd6 4. e3 Nf6 5. Bd3 b6 6. O-O Bb7 7. Ne5 Nbd7 8. Nd2 Nf8 9. Bb5+ N6d7 10. Qh5 Bxe5 11. Bxe5 Rg8 12. Nf3 c6 13. Bd3 g6 14. Qh3 f6 15. Bd6 c5 16. dxc5 bxc5 17. Bb5 Kf7 18. Bxd7 Nxd7 19. Qxh7+ Rg7 20. Qh4 Qb6 21. Bg3 Rag8 22. Qa4 Bc6 23. Qb3 Qa6 24. c4 dxc4 25. Qc3 Nb6 26. Rac1 Nd5 27. Qd2 Bb5 28. e4 Nb4 29. e5 f5 30. Ng5+ Ke8 31. Rfd1 Rd7 32. Qe3 Nd3 33. Qf3 Bc6 34. Qe3 Nxc1 35. Rxc1 Qa4 36. b3 Qxa2 37. Qxc5 Qxb3 38. Qxc6 c3 39. h3 Rgg7 40. Rxc3 Qd1+ 41. Kh2 Rge7 42. Nxe6 Qd2 43. Nc7+ Kf8 44. Qf6+ Rf7 45. Ne6+ 1-0

[Event "LAT-chW 2020"]
[Site "Riga"]
[Date "2020.08.25"]
[Round "3.4"]
[White "Osobskaja, Zinaida"]
[Black "Jansone, Melanija Luize"]
[Result "1-0"]
[ECO "E70"]
[WhiteElo "1682"]
[BlackElo "1303"]
[Annotator "NA"]
[PlyCount "84"]
[EventDate "2020.08.24"]
[EventType "swiss"]
[EventCountry "LAT"]
[SourceTitle "playchess.com"]
[Source "ChessBase"]
[SourceQuality "1"]
[TimeControl "5400+30"]

1. e4 d6 2. d4 Nf6 3. Bd3 g6 4. c4 Bg7 5. Ne2 O-O 6. Nbc3 e5 7. d5 Nbd7 8. h3 c6 9. Be3 Nb6 10. a4 a5 11. Qd2 cxd5 12. cxd5 Bd7 13. b3 Rc8 14. Rc1 Ne8 15. g4 f6 16. Ng3 Na8 17. f3 Nac7 18. Bb6 Qe7 19. Bxa5 Na6 20. Bxa6 bxa6 21. O-O f5 22. Kg2 Qh4 23. Qe1 Kh8 24. Nge2 Qg5 25. Na2 Nf6 26. Bd2 f4 27. h4 Qh6 28. g5 Qh5 29. gxf6 Bxf6 30. Rh1 g5 31. hxg5 Qxg5+ 32. Kf1 Rg8 33. Qf2 Rxc1+ 34. Naxc1 Rd8 35. Qh2 Qg7 36. Qh6 Qf7 37. Be1 Rg8 38. Bh4 Bg7 39. Qxd6 Qh5 40. Kf2 Qf7 41. Nd3 Re8 42. Nc5 Bc8 1-0

[Event "LAT-chW 2020"]
[Site "Riga"]
[Date "2020.08.26"]
[Round "4.1"]
[White "Rogule, Laura"]
[Black "Krumina, Linda"]
[Result "1/2-1/2"]
[ECO "B06"]
[WhiteElo "2297"]
[BlackElo "2065"]
[Annotator "ChessBase"]
[PlyCount "56"]
[EventDate "2020.08.24"]
[EventType "swiss"]
[EventCountry "LAT"]
[SourceTitle "playchess.com"]
[Source "ChessBase"]
[SourceQuality "1"]
[TimeControl "5400+30"]

1. Nf3 g6 2. e4 Bg7 3. d4 d6 4. Nc3 Nd7 5. Bc4 Nb6 6. Bb3 c6 7. Bf4 Nf6 8. Qd2 O-O 9. Bh6 d5 10. Bxg7 Kxg7 11. Qe2 Bg4 12. O-O-O Qc7 13. h3 Qf4+ 14. Kb1 Bxf3 15. gxf3 e6 16. Rhg1 h5 17. Rg2 a5 18. a4 Rad8 19. e5 Ng8 20. Qd3 Ne7 21. Ne2 Qh4 22. Rdg1 Nf5 23. f4 Qe7 24. c3 Rh8 25. Rg5 h4 26. Nc1 Qd7 27. Ne2 Rh6 28. Ka2 Rc8 1/2-1/2

[Event "LAT-chW 2020"]
[Site "Riga"]
[Date "2020.08.26"]
[Round "4.2"]
[White "Golsta, Ramona"]
[Black "Golsta, Madara"]
[Result "0-1"]
[ECO "A45"]
[WhiteElo "1708"]
[BlackElo "1889"]
[Annotator "NA"]
[PlyCount "74"]
[EventDate "2020.08.24"]
[EventType "swiss"]
[EventCountry "LAT"]
[SourceTitle "playchess.com"]
[Source "ChessBase"]
[SourceQuality "1"]
[TimeControl "5400+30"]

1. d4 Nf6 2. Bf4 c5 3. e3 g6 4. Nc3 cxd4 5. exd4 Bg7 6. h4 d6 7. Be2 h5 8. f3 Nc6 9. Nh3 Bxh3 10. Rxh3 Qb6 11. d5 Qxb2 12. Nb5 Nxd5 13. Rb1 Qxa2 14. Bc4 Qxc4 15. Qxd5 Qxd5 16. Nc7+ Kd7 17. Nxd5 Rhb8 18. g4 e6 19. Ne3 b5 20. gxh5 gxh5 21. Rg3 Bf6 22. Bg5 Bc3+ 23. Ke2 a5 24. Kd3 Bh8 25. c3 b4 26. cxb4 Nxb4+ 27. Kd2 a4 28. Nc4 a3 29. Rgg1 a2 30. Ra1 Bxa1 31. Rxa1 Nd5 32. Kc2 f6 33. Bc1 Rb1 34. Rxb1 axb1=Q+ 35. Kxb1 Ra4 36. Nd2 Rxh4 37. Ba3 Rf4 0-1

[Event "LAT-chW 2020"]
[Site "Riga"]
[Date "2020.08.26"]
[Round "4.3"]
[White "Gorozhankina, Julia"]
[Black "Petrovska, Arina"]
[Result "1/2-1/2"]
[ECO "D11"]
[WhiteElo "2035"]
[BlackElo "1637"]
[Annotator "ChessBase"]
[PlyCount "51"]
[EventDate "2020.08.24"]
[EventType "swiss"]
[EventCountry "LAT"]
[SourceTitle "playchess.com"]
[Source "ChessBase"]
[SourceQuality "1"]
[TimeControl "5400+30"]

1. Nf3 d5 2. d4 Bf5 3. g3 c6 4. Bg2 Nf6 5. O-O e6 6. b3 Bd6 7. c4 O-O 8. Nbd2 Nbd7 9. Bb2 Ne4 10. a3 Ndf6 11. c5 Bc7 12. b4 Nxd2 13. Nxd2 Qe7 14. Nf3 Ne4 15. e3 Bg4 16. Qd3 Bxf3 17. Bxf3 f5 18. Bg2 g5 19. f4 g4 20. Bxe4 dxe4 21. Qc3 Qf6 22. Rf2 a6 23. Qb3 Qe7 24. Qc3 Kf7 25. Rg2 Rg8 26. Qb3 1/2-1/2

[Event "LAT-chW 2020"]
[Site "Riga"]
[Date "2020.08.26"]
[Round "4.4"]
[White "Maklakova, Nellija"]
[Black "Kazmerika, Anna"]
[Result "0-1"]
[ECO "C67"]
[WhiteElo "1833"]
[BlackElo "1615"]
[Annotator "NA"]
[PlyCount "104"]
[EventDate "2020.08.24"]
[EventType "swiss"]
[EventCountry "LAT"]
[SourceTitle "playchess.com"]
[Source "ChessBase"]
[SourceQuality "1"]
[TimeControl "5400+30"]

1. e4 e5 2. Nf3 Nc6 3. Bb5 Nf6 4. O-O Nxe4 5. Bxc6 dxc6 6. Re1 Nd6 7. Nxe5 Be7 8. Nc3 O-O 9. d4 Be6 10. Ne2 Nf5 11. c4 Bb4 12. Rf1 f6 13. Nd3 Be7 14. d5 cxd5 15. Ndf4 Bf7 16. cxd5 Qc8 17. g4 Nd6 18. Nd4 c6 19. dxc6 bxc6 20. Qf3 c5 21. Nc6 Re8 22. Bd2 Nc4 23. Bc3 Bd6 24. Nd5 Ne5 25. Nxe5 Bxe5 26. Bxe5 Rxe5 27. Ne3 Rb8 28. b3 Rb4 29. h3 h5 30. Rfd1 hxg4 31. hxg4 Be6 32. Rd6 Bxg4 33. Qc6 Qxc6 34. Rxc6 Be2 35. Rc8+ Kh7 36. Nc4 Rg5+ 37. Kh2 Bxc4 38. bxc4 Rxc4 39. Kh3 Rcg4 40. Rxc5 Rxc5 41. Kxg4 Rc2 42. f4 g6 43. a4 Rc4 44. Kf3 a5 45. Ke3 Kg7 46. Ra2 Kf7 47. Ra1 Ke6 48. Ra2 Kf5 49. Rd2 Rxa4 50. Rd5+ Kg4 51. Rd6 Rxf4 52. Ra6 a4 0-1

[Event "LAT-chW 2020"]
[Site "Riga"]
[Date "2020.08.27"]
[Round "5.1"]
[White "Krumina, Linda"]
[Black "Golsta, Madara"]
[Result "1/2-1/2"]
[ECO "D93"]
[WhiteElo "2065"]
[BlackElo "1889"]
[Annotator "ChessBase"]
[PlyCount "59"]
[EventDate "2020.08.24"]
[EventType "swiss"]
[EventCountry "LAT"]
[SourceTitle "playchess.com"]
[Source "ChessBase"]
[SourceQuality "1"]
[TimeControl "5400+30"]

1. d4 Nf6 2. c4 g6 3. Nf3 Bg7 4. Nc3 d5 5. Bf4 O-O 6. e3 c5 7. Be2 dxc4 8. Bxc4 Nc6 9. Ne5 Na5 10. Be2 cxd4 11. exd4 Nd5 12. Bg3 Be6 13. Ne4 Rc8 14. O-O Bf5 15. Nc5 b6 16. Ncd3 Nf6 17. Qa4 Ne4 18. Rfc1 Nxg3 19. hxg3 Qd6 20. Rxc8 Rxc8 21. Rd1 f6 22. Nf3 Bd7 23. Qb4 Qxb4 24. Nxb4 Nc4 25. b3 Nd6 26. Ba6 Rc3 27. Nd5 Rc2 28. Nb4 Rc3 29. Nd5 Rc2 30. Nb4 1/2-1/2

[Event "LAT-chW 2020"]
[Site "Riga"]
[Date "2020.08.27"]
[Round "5.2"]
[White "Kazmerika, Anna"]
[Black "Rogule, Laura"]
[Result "0-1"]
[ECO "D02"]
[WhiteElo "1615"]
[BlackElo "2297"]
[Annotator "ChessBase"]
[PlyCount "144"]
[EventDate "2020.08.24"]
[EventType "swiss"]
[EventCountry "LAT"]
[SourceTitle "playchess.com"]
[Source "ChessBase"]
[SourceQuality "1"]
[TimeControl "5400+30"]

1. d4 d5 2. Bf4 Nf6 3. e3 c5 4. Nf3 Qb6 5. Nc3 c4 6. Rb1 Bf5 7. Be2 e6 8. a3 Nbd7 9. O-O Bd6 10. Bxd6 Qxd6 11. b3 cxb3 12. Rxb3 O-O 13. Nb5 Qc6 14. Rc3 Qb6 15. Rb3 Rfc8 16. Bd3 Ne4 17. Bxe4 Bxe4 18. Nc3 Qc6 19. Nxe4 dxe4 20. Nd2 b5 21. Qb1 Qxc2 22. Nxe4 a6 23. f3 Nb6 24. Nc5 Qxb1 25. Rfxb1 Nc4 26. Rd1 e5 27. Kf2 exd4 28. exd4 Nd6 29. g4 a5 30. Ne4 Rc2+ 31. Kg3 a4 32. Rb4 Nc4 33. Rxb5 Nxa3 34. Rc5 Rxc5 35. dxc5 Nb5 36. Nd6 Nc3 37. Ra1 Kf8 38. Ra3 Ne2+ 39. Kf2 Nd4 40. Ra2 Ke7 41. Ke3 Ne6 42. Ne4 Kd7 43. Kd3 Kc6 44. Kc4 a3 45. Kb4 Nd4 46. f4 Nb5 47. h3 Rd8 48. Nd6 Nxd6 49. cxd6 Rxd6 50. Rxa3 Rd4+ 51. Kc3 Rxf4 52. Kd2 Kd5 53. Ke3 Rf1 54. Ke2 Rf6 55. Ke3 Rc6 56. Kd3 Ke5 57. Ke3 Rc5 58. Rb3 Kf6 59. Kf3 h5 60. Kg3 Kg5 61. h4+ Kg6 62. Rd3 f6 63. Rb3 Re5 64. Kf3 Re1 65. Rb5 hxg4+ 66. Kxg4 f5+ 67. Kf4 Rg1 68. Rb6+ Kh5 69. Kxf5 Rg4 70. Rb1 g6+ 71. Kf6 Rf4+ 72. Ke5 Rxh4 0-1

[Event "LAT-chW 2020"]
[Site "Riga"]
[Date "2020.08.27"]
[Round "5.3"]
[White "Osobskaja, Zinaida"]
[Black "Gorozhankina, Julia"]
[Result "0-1"]
[ECO "B34"]
[WhiteElo "1682"]
[BlackElo "2035"]
[Annotator "ChessBase"]
[PlyCount "36"]
[EventDate "2020.08.24"]
[EventType "swiss"]
[EventCountry "LAT"]
[SourceTitle "playchess.com"]
[Source "ChessBase"]
[SourceQuality "1"]
[TimeControl "5400+30"]

1. e4 c5 2. Nf3 Nc6 3. d4 cxd4 4. Nxd4 g6 5. Be3 Bg7 6. c3 Nf6 7. f3 O-O 8. Bd3 d5 9. Nd2 Ne5 10. Be2 dxe4 11. Nxe4 Nd5 12. Bf2 b6 13. f4 Nxf4 14. O-O Nxe2+ 15. Qxe2 Bb7 16. Nd2 Qc8 17. Bg3 Ba6 18. Nb5 Qc5+ 0-1

[Event "LAT-chW 2020"]
[Site "Riga"]
[Date "2020.08.27"]
[Round "5.4"]
[White "Parhomenko, Anastasija"]
[Black "Golsta, Ramona"]
[Result "1/2-1/2"]
[ECO "A16"]
[WhiteElo "1417"]
[BlackElo "1708"]
[Annotator "NA"]
[PlyCount "91"]
[EventDate "2020.08.24"]
[EventType "swiss"]
[EventCountry "LAT"]
[SourceTitle "playchess.com"]
[Source "ChessBase"]
[SourceQuality "1"]
[TimeControl "5400+30"]

1. c4 Nf6 2. Nc3 g6 3. e4 d6 4. g3 b6 5. Bg2 Bb7 6. Nge2 h5 7. d3 h4 8. h3 hxg3 9. fxg3 Nbd7 10. Bg5 Rh5 11. Qd2 Ne5 12. Rf1 Nxd3+ 13. Qxd3 Rxg5 14. Nd5 Bxd5 15. exd5 Bg7 16. O-O-O Nd7 17. Rf4 Ne5 18. Qb3 Rh5 19. Kb1 Qd7 20. Nd4 a5 21. a4 Qc8 22. g4 Rh8 23. g5 Rh5 24. h4 Nd7 25. Bh3 Qa6 26. Bxd7+ Kxd7 27. Rxf7 Be5 28. Nc6 Rxh4 29. Rxe7+ Kc8 30. Rf1 Kb7 31. Nxe5 dxe5 32. Rxe5 Qxc4 33. Qxc4 Rxc4 34. b3 Rg4 35. Rc1 Rc8 36. Kb2 Kb8 37. Rc4 Rg2+ 38. Rc2 Rxc2+ 39. Kxc2 Rd8 40. Kc3 Rd6 41. Re6 Kb7 42. Rxd6 cxd6 43. Kd4 Ka7 44. Kc3 Kb7 45. Kd4 Ka7 46. Kc3 1/2-1/2

[Event "LAT-chW 2020"]
[Site "Riga"]
[Date "2020.08.28"]
[Round "6.1"]
[White "Rogule, Laura"]
[Black "Gorozhankina, Julia"]
[Result "1-0"]
[ECO "A36"]
[WhiteElo "2297"]
[BlackElo "2035"]
[Annotator "ChessBase"]
[PlyCount "103"]
[EventDate "2020.08.24"]
[EventType "swiss"]
[EventCountry "LAT"]
[SourceTitle "playchess.com"]
[Source "ChessBase"]
[SourceQuality "1"]
[TimeControl "5400+30"]

1. c4 c5 2. g3 Nc6 3. Bg2 g6 4. Nc3 Bg7 5. e4 e6 6. Nge2 Nge7 7. a3 d6 8. d3 O-O 9. O-O Rb8 10. Rb1 b6 11. Be3 e5 12. b4 Nd4 13. Qd2 Be6 14. f4 f5 15. fxe5 dxe5 16. bxc5 bxc5 17. Rxb8 Qxb8 18. Rb1 Qc8 19. Nd5 Nec6 20. Nxd4 cxd4 21. Bh6 Qd7 22. exf5 Bxf5 23. Bxg7 Kxg7 24. Qe2 Bg4 25. Qe1 Qd6 26. Nb4 Nd8 27. Qe4 Bf5 28. Qe2 a5 29. Nd5 Nf7 30. Rb7 Re8 31. g4 Bc8 32. Rb3 Bd7 33. h3 Ba4 34. Rb7 Bc6 35. Rb6 Rb8 36. c5 Qxc5 37. Rxb8 Bxd5 38. Bxd5 Qxd5 39. a4 Qc5 40. Rb7 Kg8 41. Kh2 Nd6 42. Qa2+ Kf8 43. Qf2+ Ke8 44. Rxh7 e4 45. Qf6 Qc2+ 46. Kg3 Qxd3+ 47. Kh4 g5+ 48. Qxg5 Nf7 49. Qg8+ Kd7 50. Qxf7+ Kc6 51. Qc7+ Kd5 52. Rd7+ 1-0

[Event "LAT-chW 2020"]
[Site "Riga"]
[Date "2020.08.28"]
[Round "6.2"]
[White "Golsta, Madara"]
[Black "Ter-Avetisjana, Agnesa Stepania"]
[Result "1-0"]
[ECO "B11"]
[WhiteElo "1889"]
[BlackElo "1683"]
[Annotator "NA"]
[PlyCount "93"]
[EventDate "2020.08.24"]
[EventType "swiss"]
[EventCountry "LAT"]
[SourceTitle "playchess.com"]
[Source "ChessBase"]
[SourceQuality "1"]
[TimeControl "5400+30"]

1. e4 c6 2. Nf3 d5 3. Nc3 Bg4 4. h3 Bxf3 5. Qxf3 Nf6 6. d4 e6 7. Bd3 Bb4 8. e5 Nfd7 9. Qg3 g6 10. a3 Be7 11. Ne2 c5 12. c3 Nc6 13. Be3 c4 14. Bc2 b5 15. h4 Qc7 16. h5 O-O-O 17. h6 a5 18. b3 cxb3 19. Bxb3 Nb6 20. a4 b4 21. O-O Nc4 22. Rfc1 Nxe3 23. Qxe3 Kb8 24. cxb4 axb4 25. a5 Rc8 26. Ba4 Qb7 27. Qd3 Nxa5 28. Rcb1 Rc7 29. Ra2 Rhc8 30. Bd7 Rxd7 31. Rxa5 Kc7 32. Qf3 Bf8 33. Rba1 Kb8 34. Qd3 Rc4 35. Qb3 Qc6 36. Ra6 Qb7 37. Qa4 b3 38. Ra8+ Kc7 39. Qa5+ Qb6 40. Ra7+ Kc6 41. Ra6 Rb7 42. Rxb6+ Rxb6 43. Qa8+ Rb7 44. Qxf8 b2 45. Qd6+ Kb5 46. Qa6+ Kb4 47. Qxb7# 1-0